AoeStats
← cvlp

Fortress

508712040Analyzed
3v3 RM · 9d ago on Sep 23, 2026· 41m 30s· 6 players
Game mode
Random Map
Map size
Large (8 player)
Population
200
Speed
Normal
Resources
Standard
Victory
Conquest
Starting age
Dark Age
Ending age
Imperial Age
RankedLock teamsTeams togetherTeam positionsShared explorationLock speedFull tech treeHidden civsTurbo modeCheats
Victory
Defeat
🇨🇭 Franks · Switzerland
1370
+18
🇺🇸 Lithuanians · United States
1358
+18
🇩🇪 Cumans · Germany
1283
+22
🇨🇳 Saxons · China
1445
-21
🇨🇳 Wu · China
1407
-19
🇨🇳 Varangians · China
1376
-18
Ludo
5:37 Loom
7:35 Feudal Age
8:18 Loom
11:42 Castle Age
9:53 Double-Bit Axe
12:45 Bow Saw
14:10 Scale Barding Armor
19:26 Chain Barding Armor
20:17 Forging
23:32 Wheelbarrow
24:36 Hand Cart
25:45 Iron Casting
26:55 Gold Mining
28:05 Town Watch
31:24 Imperial Age
29:43 Gold Shaft Mining
29:32 Town Patrol
30:21 Husbandry
33:08 Chemistry
36:14 Caravan
37:53 Cavalier
40:02 Fortified Wall
40:12 Ballistics
42:01 Conscription
Saladin
7:15 Feudal Age
8:05 Double-Bit Axe
8:00 Horse Collar
12:10 Loom
14:43 Castle Age
15:14 Scale Barding Armor
15:51 Bloodlines
18:10 Bow Saw
18:01 Heavy Plow
23:36 Imperial Age
23:48 Cavalier
24:50 Chain Barding Armor
26:37 Wheelbarrow
27:33 Plate Barding Armor
27:09 Forging
29:03 Iron Casting
30:35 Capped Ram
31:06 Elite Steppe Lancer
33:40 Blast Furnace
35:44 Light Cavalry
37:08 Siege Ram
Laggy
6:55 Feudal Age
7:08 Feudal Age
11:13 Castle Age
9:14 Double-Bit Axe
10:11 Loom
10:16 Horse Collar
13:59 Bow Saw
19:44 Wheelbarrow
19:20 Scale Barding Armor
20:44 Forging
22:01 Gold Mining
27:05 Imperial Age
25:20 Chain Barding Armor
25:42 Heavy Plow
25:35 Stone Mining
27:45 Iron Casting
27:26 Caravan
27:39 Husbandry
27:51 Bloodlines
28:59 Chemistry
30:38 Conscription
30:05 Town Watch
31:56 Elite Leitis
Teaht
8:04 Feudal Age
12:02 Castle Age
10:22 Fletching
10:35 Double-Bit Axe
10:55 Horse Collar
11:41 Gold Mining
13:35 Bow Saw
16:04 Red Cliffs Tactics
17:08 Bodkin Arrow
22:23 Gold Shaft Mining
22:13 Padded Archer Armor
25:42 Imperial Age
26:49 Bracer
29:23 Leather Archer Armor
32:03 Wheelbarrow
32:08 Elite Fire Archer
37:41 Stone Mining
39:08 Chemistry
38:55 Ballistics
39:37 Hand Cart
41:39 Loom
Moririnnx
7:09 Feudal Age
8:47 Double-Bit Axe
11:30 Castle Age
10:00 Horse Collar
10:15 Gold Mining
12:30 Bow Saw
12:39 Scale Mail Armor
14:35 Gold Shaft Mining
15:27 Squires
15:14 Arson
16:06 Loom
17:44 Gambesons
19:31 Wheelbarrow
18:47 Town Watch
20:30 Forging
23:38 Hand Cart
23:05 Pikeman
24:14 Chain Mail Armor
24:34 Iron Casting
30:30 Imperial Age
31:01 Gold Shaft Mining
30:17 Stone Mining
30:39 Halberdier
31:50 Plate Mail Armor
30:43 Shield Wall
31:44 Conscription
32:05 Town Patrol
32:25 Capped Ram
34:02 Elite Hearth Troop
35:17 Siege Ram
37:10 Elite Varangian Guard
39:18 Fletching
39:29 Padded Archer Armor
cvlp
7:46 Feudal Age
9:51 Wheelbarrow
10:35 Double-Bit Axe
13:03 Castle Age
10:53 Horse Collar
13:42 Bloodlines
15:13 Loom
18:57 Scale Mail Armor
19:05 Scale Barding Armor
21:56 Vendel Legacy
24:31 Chain Barding Armor
25:23 Forging
27:44 Iron Casting
28:22 Town Watch
31:56 Imperial Age
29:56 Gold Mining
31:10 Hand Cart
31:25 Scale Mail Armor
31:41 Bow Saw
31:34 Heavy Plow
32:15 Gambesons
32:30 Squires
32:46 Chain Mail Armor
32:44 Husbandry
32:07 Cavalier
33:57 Plate Barding Armor
Connection lost

Rejoining the realm…

Still unreachable

The connection could not be restored.

Session expired

The server has moved on; the page needs a fresh start.